Map: Cactus Valley LE

Players

Semper - Winner!

  • Race: Terran Terran
  • Spawn Location: 5:00

Kantuva

  • Race: Zerg Zerg
  • Spawn Location: 7:00

VOD

Have the link to the VOD?

Description

Time

  • Played on: April 1, 2015, 7:58 p.m.
  • Length: 8:14
Show
View Real Time Build Order
Export as new Build Order

Semper Terran - Winner!

Build Orders: Command Center First (CC), Mech 

Get SALT Encoding   

  12  0:01  SCV  
  13  0:13  SCV  
  14  0:25  Supply Depot, SCV  
  15  0:53  Command Center  
  15  0:56  SCV  
  16  1:07  Barracks  
  16  1:11  SCV  
  17  1:20  Refinery  
  17  1:23  SCV  
  17  1:35  SCV  
  18  1:54  Marine, Orbital Command  
  19  2:10  Orbital Command  
  19  2:14  Marine  
  20  2:21  SCV  
  21  2:22  Factory  
  21  2:32  Marine  
  21  2:33  SCV  
  21  2:36  SCV, Refinery  
  24  2:43  Bunker  
  24  2:45  SCV  
  25  2:52  Marine  
  25  2:57  SCV  
  25  2:58  SCV  
  28  3:08  Starport  
  28  3:09  SCV, Factory Reactor  
  28  3:11  SCV  
  30  3:22  SCV  
  30  3:25  Supply Depot  
  30  3:26  SCV  
  32  3:28  Barracks Tech Lab  
  32  3:34  SCV  
  33  3:36  Armory  
  33  3:38  SCV, Supply Depot  
  33  3:41  Supply Depot  
  34  3:46  SCV  
  35  3:54  SCV  
  36  3:57  Hellion x2  
  36  3:58  SCV  
  36  4:02  Banshee  
  44  4:06  SCV  
  44  4:07  Refinery  
  45  4:10  SCV, Cloaking Field  
  46  4:19  SCV  
  46  4:22  Command Center, SCV  
  48  4:27  Terran Vehicle and Ship Weapons Level 1  
  50  4:31  Hellion  
  50  4:32  Hellion  
  50  4:35  SCV x2  
  54  4:39  Refinery  
  54  4:48  SCV x2, Barracks Tech Lab, Factory  
  56  5:00  SCV  
  56  5:06  Hellion x2  
  61  5:10  Supply Depot  
  61  5:12  SCV  
  62  5:14  Supply Depot x2  
  62  5:21  Supply Depot  
  62  5:31  Banshee, SCV x2  
  67  5:40  Hellion x2  
  72  5:44  SCV x2, Barracks Tech Lab  
  72  5:46  Factory, Orbital Command  
  73  5:56  SCV x2  
  75  5:59  Thor  
  75  6:02  Hellion x2  
  85  6:06  Orbital Command  
  85  6:08  SCV, Refinery  
  83  6:17  Missile Turret  
  83  6:18  Missile Turret  
  83  6:20  Missile Turret  
  83  6:25  Infernal Pre-Igniter  
  83  6:28  Hellbat x2  
  83  6:30  SCV x2  
  89  6:37  SCV, Refinery  
  90  6:42  SCV  
  90  6:44  SCV  
  92  6:49  SCV  
  91  6:56  SCV  
  91  6:57  SCV  
  89  7:01  SCV  
  89  7:07  Thor x2  
  89  7:08  Hellbat x2  
  106  7:14  SCV x2  
  106  7:15  SCV  
  105  7:16  Missile Turret  
  105  7:26  SCV  
  105  7:27  SCV  
  105  7:29  Barracks Reactor  
  107  7:34  Starport  
  107  7:38  Factory  
  107  7:39  Factory  
  107  7:41  Supply Depot  
  107  7:42  Supply Depot, Missile Turret  
  107  7:43  Supply Depot x2  
  107  7:47  Command Center  
  107  7:58  SCV  
Show
View Real Time Build Order
Export as new Build Order

Kantuva Zerg 

Build Orders: Hatch First 

Get SALT Encoding   

  13  0:07  Drone  
  13  0:13  Overlord  
  13  0:18  Drone  
  14  0:33  Drone x2  
  16  0:53  Hatchery  
  16  0:57  Drone  
  16  0:59  Drone  
  16  1:03  Extractor  
  16  1:22  Spawning Pool  
  15  1:26  Drone  
  15  1:27  Drone  
  15  1:30  Drone  
  18  1:38  Drone  
  19  1:46  Extractor  
  18  1:51  Overlord  
  19  2:09  Queen x2  
  19  2:13  Metabolic Boost  
  23  2:21  Drone x2  
  25  2:29  Zergling x4  
  27  2:32  Zergling x2  
  28  2:42  Drone x3  
  32  2:51  Zergling x4  
  32  2:58  Drone  
  34  3:08  Drone x2  
  36  3:17  Overlord  
  36  3:34  Baneling Nest, Zergling x2  
  36  3:35  Queen x2  
  36  3:39  Zergling x8  
  44  3:47  Drone  
  42  3:52  Drone  
  43  4:02  Hatchery  
  42  4:14  Drone  
  43  4:22  Overlord  
  43  4:26  Extractor  
  43  4:29  Drone  
  43  4:31  Overlord  
  43  4:48  Drone x8  
  43  4:49  Lair  
  51  4:59  Spore Crawler  
  50  5:02  Spore Crawler  
  50  5:03  Spore Crawler  
  48  5:15  Spore Crawler, Drone x5  
  48  5:16  Drone x5  
  57  5:32  Zergling x2  
  57  5:34  Overlord  
  56  5:41  Extractor  
  56  5:42  Extractor  
  53  5:52  Zergling x10  
  53  5:56  Overseer  
  57  6:14  Roach Warren  
  57  6:17  Drone x2  
  57  6:18  Drone x2, Spire  
  46  6:45  Zergling x12  
  46  6:46  Zergling x18  
  45  6:57  Roach x5  
  54  7:07  Roach x3  
  59  7:14  Baneling x10  
  59  7:15  Overlord x2  
  56  7:22  Roach  
  58  7:28  Ravager  
  59  7:39  Ravager x3  
  62  7:54  Overlord  
  62  7:57  Drone x5  
Tags
 
Add a new tag
Caveats
  • Supply blocks, unpowered buildings, or Contaminate may cause inaccurate times.
  • Supply counts are checked every 10 seconds.